 Dungeon Crawl Stone Soup version 0.30-a0-779-g7971cf19c3 (webtiles) character file.

Game seed: 8161357787277089897

1403 jasper the Cleaver (level 8, -4/71 HPs)
             Began as a Minotaur Berserker on Feb 18, 2023.
             Was a Priest of Trog.
             Slain by an orc warrior
             ... wielding a +0 glaive
              (13 damage)
             ... on level 7 of the Dungeon.
             The game lasted 00:09:49 (4556 turns).

jasper the Cleaver (Minotaur Berserker)             Turns: 4556, Time: 00:09:49

Health: -4/71      AC: 15    Str: 21    XL:     8   Next: 42%
Magic:  7/7        EV:  7    Int:  4    God:    Trog [***...]
Gold:   346        SH:  0    Dex: 13    Spells: 7/7 levels left

rFire   . . .      SeeInvis .    k - +0 broad axe
rCold   . . .      Faith    .    (no shield)
rNeg    . . .      Spirit   .    F - +0 plate armour
rPois   .          Reflect  .    (helmet restricted)
rElec   .          Harm     .    A - +0 cloak
rCorr   .          Rampage  .    j - +0 pair of gloves
Will    .....                    (no boots) Stlth
                                 (no amulet)
HPRegen 0.31/turn                r - ring of flight
MPRegen 0.10/turn                y - +4 ring of slaying

@: on berserk cooldown, flying, slowed, very slow
A: horns 2, retaliatory headbutt
a: Renounce Religion, Berserk, Trog's Hand


You were on level 7 of the Dungeon.
You worshipped Trog.
Trog was most pleased with you.
You visited 1 branch of the dungeon, and saw 7 of its levels.

You collected 346 gold pieces.

Inventory:

Hand Weapons
 a - a +0 hand axe
 k - a +0 broad axe (weapon)
 E - a +0 glaive
Missiles
 g - 64 stones
 l - 5 atropa-tipped darts
 n - 6 poisoned darts (quivered)
 v - 3 javelins
 w - a throwing net
Armour
 b - a +0 animal skin
 h - a +0 ring mail
 j - a +0 pair of gloves (worn)
 A - a +0 cloak (worn)
 B - a +0 chain mail
 C - an orb of energy
 F - a +0 plate armour (worn)
Jewellery
 c - a +6 ring of intelligence
 e - a +6 ring of intelligence
 q - a ring of ice
 r - a ring of flight (left hand)
 y - a +4 ring of slaying (right hand)
 z - a ring of ice
Wands
 p - a wand of paralysis (2)
 x - a wand of digging (8)
Scrolls
 t - a scroll of immolation
 u - a scroll of poison
 D - a scroll of silence
Potions
 d - 8 potions of curing
 f - 2 potions of degeneration
 i - 3 potions of lignification
 m - a potion of might
 o - a potion of ambrosia
 s - 3 potions of heal wounds


   Skills:
 + Level 6.9 Fighting
 * Level 9.9 Axes
 + Level 6.3 Armour
 - Level 2.1 Dodging


You had 7 spell levels left.
You didn't know any spells.
Your spell library was empty.

Dungeon Overview and Level Annotations

Branches:
Dungeon (7/15)             Temple (0/1) D:4

Altars:
Ashenzari

Portals:
Bailey: D:7


Innate Abilities, Weirdness & Mutations

You have a pair of horns on your head.
You reflexively headbutt those who attack you in melee.


Message History

You slice the orc warrior!!
You kill the orc warrior!
Trog accepts your kill.
The orc wizard points at you and mumbles some strange words.
The magic dart hits you.
Items here: )) [ †.
You slice the orc wizard!!
You kill the orc wizard!
Trog accepts your kill.
Trog appreciates your killing of a magic user.
Things that are here:
a +0 dagger; a +0 robe You feel a strong urge to attack something.
Items here: )) [ †.
E - a +0 glaive;
F - a +0 plate armour You are no longer berserk.
You are exhausted.
You feel yourself slow down.
You now have 23/71 hp.
You start removing your armour.
You continue taking off your +0 chain mail. x4
You hear the faint creaking of a portcullis very nearby.
You finish taking off your +0 chain mail.
You start putting on your armour.
You continue putting on your +0 plate armour. x5
You finish putting on your +0 plate armour.
You regained 5 hp, and now have 29/71 hp.
An orc warrior, 2 orc priests and an iguana come into view.
Found a flagged portal.
The orc warrior shouts!
The orc priest shouts! x2; The iguana hisses angrily.
The orc priest begins to cast a cantrip, but forgets the words!
The orc priest calls down the wrath of Beogh upon you.
Beogh smites you!
* * * LOW HITPOINT WARNING * * *
The iguana bites you!
* * * LOW HITPOINT WARNING * * *
The orc warrior hits you but does no damage.
You take 22 damage, and have 9/71 hp.
MASSIVE DAMAGE!!
The orc warrior hits you with a +0 glaive!
You die...

................###.# *,
..#####.....##..# #.# *,
,,,.....#.#.##..###.#****** *,
,,,###..#.#.##.....#.,,,,,* *,
,,,**#..........###.#****,******,
,,,,................# *,,,,,,,,
,,,*##.########.##### *********
,,,* #.**######.########*********
,,** #,,.......l@oo.o.∩.,,,,,,,,,
,,* *,*#######.########*********
,,* *,,,,****#.# * ,,*
***,*,**,,..# * ,,***,,>*,,,,####
* ,,*,,,,,,,,,,* * ,,*,*,,,,,,,,*
* ,,*,**,,,,,*,* * ,,*,**,,,,,*,*
*


You could see an orc warrior, an iguana and 2 orc priests.

Vanquished Creatures
  A gargoyle (D:7)
  An orc warrior (D:7)
  2 ogres
  A centaur (D:7)
  A phantom (D:4)
  A kobold brigand (D:5)
  2 necrophages
  2 scorpions (D:5)
  3 hounds
  2 iguanas (D:5)
  An orc wizard (D:7)
  Robin (D:2)
  7 adders
  3 gnolls
  A shadow imp (D:5)
  A white imp (D:5)
  2 ufetubi
  3 worms
  4 dart slugs
  6 orcs
  9 ball pythons
  2 bats
  7 endoplasms
  5 giant cockroaches
  11 goblins
  8 hobgoblins
  4 jackals (D:5)
  13 kobolds
  2 quokkas
  5 frilled lizards
  7 rats
118 creatures vanquished.

Notes
Turn   | Place    | Note
-------+----------+-------------------------------------------
     0 | D:1      | jasper the Minotaur Berserker began the quest for the Orb.
     0 | D:1      | Reached XP level 1. HP: 19/19 MP: 0/0
    99 | D:1      | Reached skill level 4 in Axes
   137 | D:1      | Reached XP level 2. HP: 26/26 MP: 1/1
   785 | D:2      | Reached skill level 5 in Axes
   785 | D:2      | Reached XP level 3. HP: 28/31 MP: 2/2
  1286 | D:2      | Noticed Robin
  1293 | D:2      | Killed Robin
  1361 | D:2      | Reached ** piety under Trog
  1501 | D:2      | Found a faded altar of an unknown god.
  1528 | D:2      | Reached XP level 4. HP: 40/40 MP: 3/3
  2009 | D:3      | Reached skill level 6 in Axes
  2195 | D:4      | Reached XP level 5. HP: 40/46 MP: 4/4
  2877 | D:4      | Noticed an ogre
  2877 | D:4      | Noticed a phantom
  2885 | D:4      | Killed a phantom
  2886 | D:4      | Reached skill level 7 in Axes
  2886 | D:4      | Reached XP level 6. HP: 55/55 MP: 5/5
  2893 | D:4      | Reached skill level 5 in Fighting
  3032 | D:4      | Found a staircase to the Ecumenical Temple.
  3272 | D:5      | Entered Level 5 of the Dungeon
  3284 | D:5      | Reached XP level 7. HP: 32/61 MP: 6/6
  3449 | D:5      | Reached *** piety under Trog
  3456 | D:5      | Reached skill level 8 in Axes
  3602 | D:5      | Found a broken altar of Ashenzari.
  3833 | D:5      | Reached skill level 5 in Armour
  4320 | D:6      | Noticed a troll
  4405 | D:7      | Noticed a gargoyle
  4413 | D:7      | Killed a gargoyle
  4414 | D:7      | Reached skill level 9 in Axes
  4414 | D:7      | Reached XP level 8. HP: 71/71 MP: 7/7
  4555 | D:7      | Found a flagged portal.
  4556 | D:7      | Slain by an orc warrior

Illustrated notes

Levels and vault maps discovered:
D:1:      dpeg_arrival_lava_temple_mockup, layout_basic
D:2:      layout_loops_ring, shapermc_ecumenical_altar_flowoftime, uniq_robin
D:3:      minmay_chambers_of_twos, layout_basic
D:4:      minmay_opposing_rooms, layout_basic, minmay_temple_entry_fiery
D:5:      layout_gridville, nicolae_ashenzari_skybound, columned_hall_lemuel,
          kennysheep_generic_room_10
D:6:      kennysheep_spiral_hall, layout_loops_cross, makhleb_altar_promises_db
D:7:      layout_loops_ring, enter_bailey_1, minmay_unpleasant_kobolds

Skill      XL: |  1  2  3  4  5  6  7 |
---------------+----------------------+-----
Axes           | 4 5 6 7 9 |  9.9
Fighting       | 4 5 6 |  6.9
Armour         | 3 4 6 |  6.3
Dodging        | |  2.1

Action                     |  1- 3 |  4- 6 |  7- 9 || total
---------------------------+-------+-------+-------++-------
  Melee: Hand axe          |    45 |       |       ||    45
         Headbutt          |     9 |    11 |     5 ||    25
         Broad axe         |    25 |    86 |    58 ||   169
         Punch             |     2 |     1 |       ||     3
  Throw: Stone             |    10 |     3 |       ||    13
         Dart              |       |     5 |     6 ||    11
 Invoke: Berserk           |     1 |     2 |     2 ||     5
  Evoke: Wand              |       |     1 |       ||     1
    Use: Scroll            |     5 |     6 |     4 ||    15
 Armour: Animal skin       |     2 |       |       ||     2
         Ring mail         |     8 |    34 |       ||    42
         Chain mail        |       |     1 |    54 ||    55
         Plate armour      |       |       |     1 ||     1
  Dodge: Dodged            |    37 |    60 |    44 ||   141

Table legend: (Time is in decaauts)
 A = Elapsed time spent in this place.
 B = Non-inter-level travel time spent in this place.
 C = Inter-level travel time spent in this place.
 D = Time resting spent in this place.
 E = Time spent auto-exploring this place.
 F = Levels seen in this place.
 G = Mean time per level.
                   A        B        C        D        E       F      G
               +--------+--------+--------+--------+--------+-----+--------+
         Total |   4651 |   4408 |    243 |    520 |   2990 |   7 |  664.4 |
       Dungeon |   4651 |   4408 |    243 |    520 |   2990 |   7 |  664.4 |
               +--------+--------+--------+--------+--------+-----+--------+

Top non-repeatable levels by time:
     D:4: 1154 daAuts
     D:5: 990 daAuts
     D:2: 911 daAuts
     D:1: 767 daAuts
     D:3: 497 daAuts
     D:7: 169 daAuts
     D:6: 160 daAuts
